← All builds
Suicide front / Armada / Factory first / OBSERVED BUILD

Standard suicide front

The role's default: factory first (mostly Bot Lab), pushing Rocketeer-led bot play into the middle to contest and hold the front, with an Advanced Metal Extractor around 9:36 as the natural transition.

Usually lab first (63%)

#raid #push · 1291 distinct matches · 127 players · 71% of Armada Suicide front games · team won 59% of 1529 · Recently observed

HOW TO PLAY IT

Key timing: Bot Lab by 0:20

  1. Open with mex and wind, drop Bot Lab immediately.
  2. Push out first "Centurion" as Pond's boost lands.
  3. Send "Rocketeer", "Centurion", "Pawn" mix to contest middle.
  4. Add Dragon's Teeth and Sentries to hold the line.
  5. Get Advanced Metal Extractor up as T2 nears.

Phase by phase

TYPICAL OF ITS 1291 GAMES
  1. 1
  2. 2
  3. 3
PLAY THE OPENING

Follow the example game's first 6:00 step by step: what to build now, what comes next, and where it goes. At 1× it keeps pace with your own game.

  1. 1

    Bot Lab first

    Order
    1. Bot LabBot Lab done ~0:20, middle half 0:20–0:33

    Some games also: mex (36%)

  2. 2

    Bot Lab to 5:00

    Economy
    • Metal Extractor5Mex
    • Wind Turbine4Wind
    Builders
    • Construction Bot3 Con bot
    • Lazarus2 Lazarus
    Army
    • Sentry4 Sentry
    • Rocketeer17 Rocketeer
    • Tick2 Tick
    • Centurion1 Centurion
    Other
    • Radar Tower1 Radar Tower

    Some games also: con turret (35%) · pawn (32%)

    By 5:00 in all: 5 mex · 4 wind

    The example game in this phase · 45 steps
    1. TickTick ×2
    2. Construction BotCon bot
    3. SentrySentry
    4. Construction BotCon bot
    5. Mex
    6. LazarusLazarus
    7. Mex
    8. PawnPawn
    9. BeamerBeamer
    10. CenturionCenturion
    11. Mex
    12. BeamerBeamer
    13. BeholderBeholder
    14. Construction BotCon bot
    15. Mex ×2
    16. LazarusLazarus
    17. SentrySentry
    18. Wind
    19. Construction BotCon bot
    20. Radar TowerRadar Tower
    21. CenturionCenturion
    22. Wind
    23. BeamerBeamer
    24. Wind
    25. RocketeerRocketeer
    26. Wind
    27. RocketeerRocketeer
    28. Wind
    29. OverwatchOverwatch
    30. RocketeerRocketeer
    31. Wind
    32. RocketeerRocketeer
    33. Wind
    34. RocketeerRocketeer
    35. Wind
    36. TickTick
    37. LazarusLazarus
    38. Wind
    39. CenturionCenturion
    40. Energy storage
    41. SentrySentry
    42. BeamerBeamer
    43. RocketeerRocketeer
    44. Mex
    45. RocketeerRocketeer
  3. 3

    5:00 to 10:00

    Economy
    • Metal Extractor1Mex
    • Wind Turbine17Wind
    Builders
    • Construction Turret2 Con turret
    • Lazarus2 Lazarus
    • Construction Bot1 Con bot
    Army
    • Sentry1 Sentry
    • Rocketeer8 Rocketeer
    • Pawn1 Pawn

    Some games also: tick (47%) · energy storage (46%) · Radar Tower (46%) · centurion (45%) · Beamer (39%)

    By 10:00 in all: 6 mex · 23 wind · 1 energy storage · 3 con turret

    The example game in this phase · 181 steps
    1. RocketeerRocketeer ×2
    2. Con turret
    3. BeamerBeamer
    4. ThugThug
    5. RocketeerRocketeer
    6. TickTick
    7. LazarusLazarus
    8. Con turret
    9. CenturionCenturion
    10. BeamerBeamer
    11. Wind
    12. RocketeerRocketeer
    13. Wind ×2
    14. RocketeerRocketeer
    15. ThugThug
    16. Wind
    17. Sneaky PeteSneaky Pete
    18. Converter
    19. RocketeerRocketeer
    20. Wind
    21. RocketeerRocketeer
    22. Wind ×3
    23. RocketeerRocketeer
    24. BruteBrute
    25. Wind
    26. Converter
    27. TickTick
    28. Advanced Metal ExtractorT2 mexdone 8:18 · typical 9:36
    29. LazarusLazarus
    30. Wind ×3
    31. CenturionCenturion
    32. Wind
    33. Converter
    34. Wind ×2
    35. RocketeerRocketeer
    36. Wind
    37. RocketeerRocketeer
    38. Wind
    39. Converter
    40. RocketeerRocketeer
    41. SentrySentry
    42. Wind
    43. BeamerBeamer
    44. Wind
    45. SentrySentry
    46. RocketeerRocketeer
    47. Advanced Metal ExtractorT2 mex
    48. Wind ×2
    49. RocketeerRocketeer
    50. Converter
    51. Wind
    52. TickTick
    53. LazarusLazarus
    54. Wind ×3
    55. CenturionCenturion
    56. Converter
    57. Wind ×2
    58. RocketeerRocketeer
    59. BeamerBeamer
    60. Wind ×2
    61. RocketeerRocketeer
    62. Converter
    63. RocketeerRocketeer
    64. Wind
    65. Advanced Metal ExtractorT2 mex
    66. Wind
    67. RocketeerRocketeer
    68. TickTick
    69. LazarusLazarus
    70. Wind ×2
    71. BeamerBeamer
    72. Converter
    73. PawnPawn
    74. Wind
    75. PawnPawn
    76. Wind
    77. PawnPawn
    78. Wind
    79. PawnPawn
    80. Wind ×2
    81. PawnPawn
    82. Converter
    83. Wind ×2
    84. PawnPawn
    85. Con turret
    86. Wind ×2
    87. PawnPawn
    88. Wind ×2
    89. RattlesnakeRattlesnakedone 11:47
    90. Wind
    91. LazarusLazarus
    92. Wind ×2
    93. Con turret
    94. Converter
    95. Wind
    96. PawnPawn
    97. Wind ×2
    98. PawnPawn
    99. Wind ×2
    100. Fortification WallFortification Wall
    101. Converter
    102. Fortification WallFortification Wall
    103. PawnPawn
    104. Fortification WallFortification Wall
    105. Wind
    106. Fortification WallFortification Wall ×2
    107. PawnPawn
    108. Wind
    109. Fortification WallFortification Wall ×2
    110. Wind
    111. PawnPawn
    112. Fortification WallFortification Wall ×2
    113. Wind
    114. PawnPawn
    115. Wind
    116. PawnPawn
    117. Converter
    118. LazarusLazarus
    119. Wind
    120. RattlesnakeRattlesnake
    121. PawnPawn
    122. Wind
    123. PawnPawn
    124. Wind
    125. PawnPawn
    126. Wind
    127. PawnPawn
    128. Wind
    129. Converter
    130. Wind
    131. PawnPawn
    132. Wind
    133. PawnPawn ×2
    134. Wind ×2
    135. LazarusLazarus
    136. Wind
    137. PawnPawn
    138. Converter
    139. PawnPawn
    140. Wind
    141. PawnPawn ×2
    142. Wind
    143. PawnPawn
    144. Wind
    145. PawnPawn
    146. Wind
    147. Advanced Metal ExtractorT2 mex
    148. PawnPawn
    149. Sneaky PeteSneaky Pete
    150. LazarusLazarus
    151. Wind
    152. PawnPawn
    153. Wind
    154. PawnPawn
    155. Converter
    156. PawnPawn ×2
    157. Wind
    158. PawnPawn
    159. Wind
    160. PawnPawn
    161. Wind
    162. PawnPawn
    163. Wind
    164. LazarusLazarus
    165. Wind
    166. PawnPawn
    167. Wind
    168. PawnPawn
    169. Wind
    170. PawnPawn
    171. Converter
    172. PawnPawn ×2
    173. RattlesnakeRattlesnake
    174. Metal storage
    175. PawnPawn
    176. Dragon's TeethDragon's Teeth
    177. PawnPawn
    178. Bot LabBot Labnot finished by 15:00
    179. Dragon's TeethDragon's Teeth
    180. LazarusLazarus
    181. Dragon's TeethDragon's Teeth ×2

Counts are medians over the build's games: half of them build more, half fewer. The example game is Soliloqueur's (40 OS, 29/09/2026); pick another.

Team trades

IN AT LEAST 30% OF ITS GAMES

You hand over

Nothing regular.

You get

  • Tidal Generator4 Tidal from Pondfirst at 0:10 · in 69% of games
  • Advanced Construction Bot1 T2 con bot from Geo or Techfirst at 7:30 · in 59% of games

How it plays out

Typical game of this build, running totals by minute

Metal produced

010k20k30k
0:005:0010:0015:00

metal

Enemy metal destroyed

05k10k
0:005:0010:0015:00

metal

Own metal lost

05k10k
0:005:0010:0015:00

metal

1529 games.

Show as table
ByMetal produced: This buildEnemy metal destroyed: This buildOwn metal lost: This build
1:0022600
2:0088800
3:002051180106
4:003161658496
5:00424314131026
6:00543322981789
7:00667031752710
8:00792040313619
9:00931747964495
10:001069954265316
11:001226559036054
12:001411365126830
13:001622270137536
14:001810976968373
15:002046683299249
WHAT THE NUMBERS SAY

Standard suicide front play wins slightly more than half its games with fast kills but also fast losses, matching the raw grind of the role.

  • + First kill lands by 2:04 in all games
  • + Metal produced reaches 19882 by 15:00
  • − Own metal lost hits 9208 by 15:00, near metal destroyed of 8172
  • − First unit lost as early as 2:08 in every game
THE EXAMPLE YOU ARE READING

Soliloqueur

39.8 OS · 29/09/2026

Open source match ↗

7 received units · includes a constructor
107 metal received · 37546 energy received

Allied construction assistance is unknown. Timings are observations, not a promise of solo reproducibility.

Typical milestones

Bot Lab0:20Middle 50%: 0:20–0:33 · n=1522
Advanced Metal Extractor9:36Middle 50%: 8:41–10:48 · n=1128

Played most by

_X_253games of this buildPlatinumBlonde181games of this buildXad120games of this buildImmort73games of this buildwatermeloans60games of this build